 Dungeon Crawl Stone Soup version 0.29-a0-1033-gb6c65ffae6 (webtiles) character file.

Game seed: 2529742379499673123

15 Sweeb the Trooper (level 2, -1/24 HPs)
             Began as a Demonspawn Monk on Aug 15, 2022.
             Was an Initiate of Gozag.
             Slain by Terence
             ... wielding a +0 trident
              (9 damage)
             ... on level 2 of the Dungeon.
             The game lasted 00:01:43 (1275 turns).

Sweeb the Trooper (Demonspawn Monk)                 Turns: 1275, Time: 00:01:44

Health: -1/24      AC:  2    Str: 11    XL:     2   Next: 34%
Magic:  2/2        EV: 12    Int: 11    God:    Gozag
Gold:   125        SH:  0    Dex: 15    Spells: 2/2 levels left

rFire   . . .      SeeInvis .   a - +1 mace
rCold   . . .      Faith    .   (no shield)
rNeg    . . .      Spirit   .   b - +0 robe
rPois   .          Reflect  .   (no helmet)
rElec   .          Harm     .   (no cloak)
rCorr   .          Rampage  .   (no gloves)
Will    .....                   (no boots)
Stlth   ++........              (no amulet)
HPRegen 0.08/turn               (no ring)
MPRegen 0.08/turn               (no ring)

@: no status effects
A: weakness stinger 1
a: Renounce Religion, Potion Petition, Call Merchant, Bribe Branch


You were on level 2 of the Dungeon.
You worshipped Gozag.
Gozag was aware of your devotion.
You visited 1 branch of the dungeon, and saw 2 of its levels.

You collected 125 gold pieces.

Inventory:

Hand Weapons
 a - a +1 mace (weapon)
Armour
 b - a +0 robe (worn)
Scrolls
 d - a scroll of teleportation
Potions
 c - a potion of ambrosia
 e - a potion of curing


   Skills:
 + Level 3.1 Fighting
 * Level 3.0 Maces & Flails
 - Level 2.6 Dodging
 + Level 2.0 Stealth
 + Level 0.5 Spellcasting


You had 2 spell levels left.
You didn't know any spells.
Your spell library contained the following spells:

 Spells                   Type           Power      Damage    Failure   Level
 Borgnjor's Revivificati  Necr           0%         N/A       100%        8
 Necromutation            Tmut/Necr      0%         N/A       100%        8
 Death's Door             Necr           0%         N/A       100%        9


Dungeon Overview and Level Annotations

Branches:
Dungeon (2/15)

Altars:
Gozag

Shops:
D:1 *   D:2 (

Annotations:
D:2 Terence


Innate Abilities, Weirdness & Mutations

You have a small tail.


Message History

You see here a +0 club.
You start resting.
HP restored.
Okay, then.
Found an escape hatch in the ceiling.
There is an escape hatch in the ceiling here.
You now have 116 gold pieces (gained 1).
You now have 121 gold pieces (gained 5).
A ball python is nearby!
The ball python hisses angrily.
You thump the ball python!
You kill the ball python!
No target in view!
No target in view!
You now have 125 gold pieces (gained 4).
e - 2 fizzy black potions (gained 1)
Found a stone staircase leading down.
There is a stone staircase leading down here.
Found Boyqiq's Weapon Shop.
There is an entrance to Boyqiq's Weapon Shop here.
There is a stone staircase leading up here.
There is an escape hatch in the ceiling here.
Terence is nearby!
Terence shouts!
You hit Terence but do no damage. Terence closely misses you.
You hit Terence but do no damage. Terence hits you but does no damage.
Terence closely misses you.
You hit Terence but do no damage. Terence hits you with a +0 trident.
You barely miss Terence. Terence barely misses you.
You hit Terence but do no damage. Terence closely misses you.
It was a potion of curing.
You feel better. Terence hits you with a +0 trident.
You closely miss Terence. Terence barely misses you.
Terence hits you with a +0 trident!
You completely miss Terence. Terence barely misses you.
You barely miss Terence.
Your tail-slap misses Terence.
Terence barely misses you.
You hit Terence but do no damage.
Your tail-slap misses Terence.
Terence hits you with a +0 trident!
You die...
Your body crumbles into a pile of gold.

#...##.##.#...#
#...##.##.#.♣∩♣
#######.#.......#...#
.....#.#..#.##.#.#♣#
..#.#...........#
########.#.####.#.##.####
#........#..............#
#...............#.##.##.#
##.......@@.#.......##.#
#.########.#....#..##.#
#.#.#.##..##.##
#.#.#.........#
#.####.#..##..#
###.#.......##..#
#...#.###...##..#
#.###.#.....##..# #.#
#.#.....##..#


You could see Terence.

Vanquished Creatures
  A dart slug (D:1)
  2 ball pythons
  An endoplasm (D:1)
  A giant cockroach (D:1)
  A hobgoblin (D:1)
  A quokka (D:1)
  A bat (D:1)
  3 kobolds
  A rat (D:1)
12 creatures vanquished.

Notes
Turn   | Place    | Note
-------+----------+-------------------------------------------
     0 | D:1      | Sweeb the Demonspawn Monk began the quest for the Orb.
     0 | D:1      | Reached XP level 1. HP: 18/18 MP: 1/1
    36 | D:1      | Found a faded altar of an unknown god.
    48 | D:1      | Prayed at the altar of an unknown god.
    48 | D:1      | Became a worshipper of Gozag Ym Sagoz the Greedy
   547 | D:1      | Gained mutation: You have a small tail. [demonic ancestry]
   547 | D:1      | Reached XP level 2. HP: 24/24 MP: 2/2
   736 | D:1      | Found Jewa's Assorted Antiques.
   886 | D:2      | Noticed Terence
  1221 | D:2      | Found Boyqiq's Weapon Shop.
  1275 | D:2      | Slain by Terence

Illustrated notes

Levels and vault maps discovered:
D:1:      dpeg_arrival_line_fractal, layout_loops_ring, serial_shops, shop,
          basic_ecumenical_altar
D:2:      layout_basic, serial_shops, nicolae_shop_trees, minmay_pentomino_t2,
          uniq_terence

Skill      XL: |  1  2 |
---------------+-------+-----
Stealth        | 2 |  2.0
Maces & Flails | 3 |  3.0
Fighting       | |  3.1
Dodging        | |  2.6
Spellcasting   | |  0.5

Action                   || total
-------------------------++-------
Melee: Mace              ||    43
       Punch             ||     1
  Use: Scroll            ||     4
       Potion            ||     1
 Stab: Sleeping          ||     3
Armor: Robe              ||     7
Dodge: Dodged            ||    28

Table legend: (Time is in decaauts)
 A = Elapsed time spent in this place.
 B = Non-inter-level travel time spent in this place.
 C = Inter-level travel time spent in this place.
 D = Time resting spent in this place.
 E = Time spent auto-exploring this place.
 F = Levels seen in this place.
 G = Mean time per level.
                   A        B        C        D        E       F      G
               +--------+--------+--------+--------+--------+-----+--------+
         Total |   1284 |   1243 |     41 |    194 |    883 |   2 |  642.0 |
       Dungeon |   1284 |   1243 |     41 |    194 |    883 |   2 |  642.0 |
               +--------+--------+--------+--------+--------+-----+--------+

Top non-repeatable levels by time:
     D:1: 809 daAuts
     D:2: 475 daAuts
